[Event "Turkish Youth Championship 2024"]
[Site "Samsun"]
[Date "2024.05.21"]
[Round "6"]
[White "Ergin, Hasan Kaan"]
[Black "Tonoglu, Engin Erdem"]
[Result "1/2-1/2"]
[ECO "C97"]
[WhiteElo "1632"]
[BlackElo "1691"]
[Annotator "NA COMBH"]
[PlyCount "139"]
[EventDate "2024.05.18"]
[EventType "swiss"]
[EventCountry "TUR"]
[SourceTitle "playchess.com"]
[Source "ChessBase"]
[SourceQuality "1"]
[TimeControl "5400+30"]

1. e4 e5 2. Nf3 Nc6 3. Bb5 a6 4. Ba4 Nf6 5. O-O Be7 6. Re1 b5 7. Bb3 d6 8. c3 Na5 9. Bc2 c5 10. h3 O-O 11. d4 Qc7 12. Nbd2 Bb7 13. d5 c4 14. Nf1 Rfe8 15. Ng3 Bc8 16. Bg5 h6 17. Bd2 Nb7 18. Nh2 Bd7 19. Nh5 Nc5 20. Nxf6+ Bxf6 21. Qh5 Qd8 22. Be3 Rc8 23. Bxc5 Rxc5 24. a4 Qb6 25. axb5 axb5 26. Ra2 Rb8 27. Rea1 Rc7 28. Ra6 Qc5 29. Nf1 Bc8 30. R6a5 Rcb7 31. Ne3 Bd8 32. Ra6 Rc7 33. R6a2 Kh7 34. Bd1 g6 35. Qf3 Kg7 36. Nc2 f5 37. exf5 Rf7 38. Nb4 Rxf5 39. Ra7+ Rb7 40. Rxb7+ Bxb7 41. Qe3 Qxe3 42. fxe3 Bb6 43. Bc2 Bxe3+ 44. Kh2 Rf2 45. Ra5 Bc5 46. Rxb5 Bc8 47. Rb8 Bxb4 48. Rxc8 Bc5 49. b4 cxb3 50. Bxb3 Rb2 51. Ba4 e4 52. Re8 e3 53. Bd7 h5 54. Re7+ Kh6 55. Bc8 Rc2 56. Kg3 Rxc3 57. Kf3 Rc2 58. Re6 h4 59. Re4 Rf2+ 60. Kg4 Rxg2+ 61. Kf3 Rf2+ 62. Kg4 Rg2+ 63. Kf3 Rd2 64. Rxh4+ Kg5 65. Rg4+ Kh5 66. Bb7 Rf2+ 67. Kg3 e2 68. Re4 e1=Q 69. Rxe1 Rb2 70. Re7 1/2-1/2

[Event "Turkish Youth Championship 2024"]
[Site "Samsun"]
[Date "2024.05.21"]
[Round "6"]
[White "Yildirim, Orhun Ali"]
[Black "Gulbas, Isa"]
[Result "0-1"]
[ECO "A45"]
[WhiteElo "1561"]
[BlackElo "1813"]
[Annotator "NA RC"]
[PlyCount "56"]
[EventDate "2024.05.18"]
[EventType "swiss"]
[EventCountry "TUR"]
[SourceTitle "playchess.com"]
[Source "ChessBase"]
[SourceQuality "1"]
[TimeControl "5400+30"]

1. d4 Nf6 2. Bf4 e6 3. e3 c5 4. c3 Qb6 5. Qc2 Nh5 6. Bg3 Nxg3 7. hxg3 g6 8. Nf3 Bg7 9. Nbd2 d5 10. dxc5 Qxc5 11. e4 Nc6 12. exd5 exd5 13. Nb3 Qe7+ 14. Qe2 Be6 15. O-O-O O-O 16. Qb5 d4 17. Nfxd4 Nxd4 18. cxd4 Qf6 19. f4 Rfd8 20. Kb1 a6 21. Qb4 a5 22. Qd2 a4 23. Nc5 Bf5+ 24. Ka1 b6 25. Na6 a3 26. Bb5 Rxd4 27. Qxd4 Qxd4 28. Rxd4 Bxd4 0-1

[Event "Turkish Youth Championship 2024"]
[Site "Samsun"]
[Date "2024.05.21"]
[Round "6"]
[White "Ozer, Yigit Eren"]
[Black "Sadik, Muhammed Selim"]
[Result "0-1"]
[ECO "B22"]
[WhiteElo "1519"]
[BlackElo "1734"]
[Annotator "NA RC"]
[PlyCount "132"]
[EventDate "2024.05.18"]
[EventType "swiss"]
[EventCountry "TUR"]
[SourceTitle "playchess.com"]
[Source "ChessBase"]
[SourceQuality "1"]
[TimeControl "5400+30"]

1. e4 c5 2. c3 Nf6 3. e5 Nd5 4. d4 cxd4 5. Nf3 Nc6 6. cxd4 d6 7. Be2 dxe5 8. dxe5 g6 9. Bc4 Be6 10. Qb3 Ndb4 11. Bxe6 fxe6 12. O-O Qd5 13. Rd1 Qxb3 14. axb3 Bg7 15. Bf4 O-O 16. Bg3 Nc2 17. Ra4 Rfd8 18. Rd2 N2b4 19. Nc3 Rxd2 20. Nxd2 Rd8 21. Nde4 Nd3 22. f4 Bh6 23. Nf2 Nc5 24. Ra3 Rd2 25. Nfd1 Nd3 26. Ra1 Nxf4 27. Ne3 Nxe5 28. Rf1 Ne2+ 29. Nxe2 Bxe3+ 30. Kh1 Nd3 31. Nc3 Nxb2 32. Ne4 Rd1 33. Rxd1 Nxd1 34. Bh4 Kf7 35. Ng5+ Bxg5 36. Bxg5 Nf2+ 37. Kg1 Ne4 38. Be3 b6 39. Kf1 e5 40. Ke2 Ke6 41. Kd3 Kd5 42. b4 Nd6 43. g4 Nc4 44. Bc1 e4+ 45. Kc3 a5 46. bxa5 bxa5 47. h4 e3 48. Kd3 a4 49. h5 a3 50. Bxa3 Nxa3 51. Kxe3 e5 52. hxg6 hxg6 53. g5 Nc4+ 54. Kd3 e4+ 55. Ke2 Kd4 56. Ke1 Kd3 57. Kd1 e3 58. Ke1 Nd2 59. Kd1 e2+ 60. Ke1 Nc4 61. Kf2 Kd2 62. Kf3 e1=Q 63. Kg4 Ke3 64. Kh3 Kf3 65. Kh2 Qa1 66. Kh3 Qh1# 0-1

[Event "Turkish Youth Championship 2024"]
[Site "Samsun"]
[Date "2024.05.22"]
[Round "7"]
[White "Yilmaz, Kerem Tuna"]
[Black "Ozmen, Sevket Mert"]
[Result "0-1"]
[ECO "B36"]
[WhiteElo "2039"]
[BlackElo "1749"]
[Annotator "RC"]
[PlyCount "56"]
[EventDate "2024.05.18"]
[EventType "swiss"]
[EventCountry "TUR"]
[SourceTitle "playchess.com"]
[Source "ChessBase"]
[SourceQuality "1"]
[TimeControl "5400+30"]

1. e4 c5 2. Nf3 Nc6 3. d4 cxd4 4. Nxd4 g6 5. c4 Nf6 6. Nc3 Nxd4 7. Qxd4 d6 8. Be2 Bg7 9. Be3 O-O 10. Qd3 Be6 11. O-O Qa5 12. Bd4 Rfc8 13. b3 a6 14. f4 Qd8 15. f5 Bd7 16. h4 Bc6 17. h5 g5 18. Qe3 h6 19. e5 dxe5 20. Bxe5 b5 21. Rfd1 Qa5 22. Nd5 Bxd5 23. cxd5 Rc2 24. d6 exd6 25. Rxd6 Rxa2 26. Rxa2 Qe1+ 27. Kh2 Ng4+ 28. Bxg4 Bxe5+ 0-1

[Event "Turkish Youth Championship 2024"]
[Site "Samsun"]
[Date "2024.05.22"]
[Round "7"]
[White "Danaci, Ege"]
[Black "Ilgaz, Yusuf Kerem"]
[Result "1/2-1/2"]
[ECO "C80"]
[WhiteElo "2031"]
[BlackElo "1964"]
[Annotator "NA RC"]
[PlyCount "109"]
[EventDate "2024.05.18"]
[EventType "swiss"]
[EventCountry "TUR"]
[SourceTitle "playchess.com"]
[Source "ChessBase"]
[SourceQuality "1"]
[TimeControl "5400+30"]

1. e4 e5 2. Nf3 Nc6 3. Bb5 a6 4. Ba4 Nf6 5. O-O Nxe4 6. Re1 Nc5 7. Bxc6 dxc6 8. Nxe5 Be7 9. b3 O-O 10. Bb2 Re8 11. d3 f6 12. Nc4 Bf8 13. Nbd2 Rxe1+ 14. Qxe1 a5 15. Ne4 a4 16. Rd1 axb3 17. axb3 Ne6 18. d4 Nf4 19. Bc1 Nd5 20. Ne3 Qe7 21. f3 Ra1 22. Bd2 Nxe3 23. Bxe3 Ra2 24. c4 Bf5 25. Bf4 Qa3 26. Nd2 Qb2 27. Qe3 Qc2 28. Qe2 Qc3 29. Qe3 Qc2 30. Qe2 h6 31. c5 Kh7 32. Re1 g5 33. Be3 Bd3 34. Qf2 Qc3 35. f4 Ra1 36. fxg5 Rxe1+ 37. Qxe1 fxg5 38. Qg3 Qc1+ 39. Kf2 Qd1 40. Qf3 Qxf3+ 41. Kxf3 Kg6 42. Bf2 Be7 43. Bg3 Bd8 44. Ke3 Bc2 45. b4 b6 46. Nc4 Ba4 47. Ne5+ Kf6 48. h4 Ke6 49. h5 Kd5 50. Nf7 Be7 51. Bxc7 bxc5 52. bxc5 Bd1 53. Bd6 Bf6 54. Be5 Bxe5 55. Nxe5 1/2-1/2

[Event "Turkish Youth Championship 2024"]
[Site "Samsun"]
[Date "2024.05.22"]
[Round "7"]
[White "Atis, Hasan"]
[Black "Bilgin, Ali Tugrul"]
[Result "1-0"]
[ECO "C04"]
[WhiteElo "2014"]
[BlackElo "1678"]
[Annotator "RC"]
[PlyCount "137"]
[EventDate "2024.05.18"]
[EventType "swiss"]
[EventCountry "TUR"]
[SourceTitle "playchess.com"]
[Source "ChessBase"]
[SourceQuality "1"]
[TimeControl "5400+30"]

1. e4 e6 2. d4 d5 3. Nd2 Nc6 4. Ngf3 Nf6 5. exd5 exd5 6. c3 Bd6 7. Be2 O-O 8. O-O h6 9. Re1 Bf5 10. Nf1 Ne7 11. Ne5 c5 12. Ng3 Bh7 13. Be3 c4 14. Bf3 Ne8 15. Bd2 f6 16. Ng4 Kh8 17. Qc1 f5 18. Ne5 Nf6 19. b3 b5 20. a4 Ne4 21. axb5 Bxe5 22. dxe5 cxb3 23. Bxe4 fxe4 24. Be3 Qb8 25. Qa3 Qxe5 26. Qxb3 Qc7 27. Ra6 Bg8 28. Bd4 Kh7 29. Rea1 Nc8 30. Qb1 Qb7 31. R1a5 Nb6 32. f3 Bf7 33. Ra2 Bg6 34. fxe4 dxe4 35. Qa1 Nc8 36. c4 Rb8 37. Kh1 Qf7 38. Rc6 Rb7 39. Rf2 Qe8 40. Re2 Qd7 41. h3 Re8 42. Qc3 Ne7 43. Ra6 Nf5 44. Nxf5 Bxf5 45. Qe3 Rc8 46. Ra4 Qe6 47. Qb3 Qd7 48. Bg1 Qd3 49. Re3 Qd7 50. Rc3 Rbc7 51. c5 Qe7 52. Qd5 Qf6 53. Qd4 Qe7 54. Ra6 Rd8 55. Rd6 Rb8 56. Rb3 Rcb7 57. Qd5 Bg6 58. c6 Rxb5 59. Rxb5 Rxb5 60. Qd4 Re5 61. Rd7 Qe8 62. c7 Bf5 63. Rd8 Qe7 64. c8=Q Bxc8 65. Rxc8 e3 66. Qd3+ g6 67. Qe2 a5 68. Rc3 a4 69. Rxe3 1-0

[Event "Turkish Youth Championship 2024"]
[Site "Samsun"]
[Date "2024.05.22"]
[Round "7"]
[White "Tirpan, Ceren"]
[Black "Kalyoncu, Beren"]
[Result "1-0"]
[ECO "A11"]
[WhiteElo "2004"]
[BlackElo "1737"]
[Annotator "RC"]
[PlyCount "53"]
[EventDate "2024.05.18"]
[EventType "swiss"]
[EventCountry "TUR"]
[SourceTitle "playchess.com"]
[Source "ChessBase"]
[SourceQuality "1"]
[TimeControl "5400+30"]

1. c4 c6 2. g3 d5 3. Nf3 Nf6 4. Bg2 g6 5. b3 Bg7 6. Bb2 O-O 7. O-O Re8 8. d3 Nbd7 9. Qc2 e5 10. cxd5 cxd5 11. Nc3 a6 12. a4 e4 13. dxe4 dxe4 14. Ng5 e3 15. f4 Nf8 16. Nce4 Bf5 17. Qc4 Be6 18. Nxe6 Nxe6 19. Rad1 Qe7 20. Bxf6 Bxf6 21. Rd7 Red8 22. Rxe7 Bxe7 23. Ng5 Rac8 24. Qe4 Nxg5 25. Qxe7 Ne6 26. f5 Rc7 27. Qf6 1-0

[Event "Turkish Youth Championship 2024"]
[Site "Samsun"]
[Date "2024.05.22"]
[Round "7"]
[White "Zerey, Demhat"]
[Black "Cilek, Bora"]
[Result "1/2-1/2"]
[ECO "A45"]
[WhiteElo "1986"]
[BlackElo "2246"]
[Annotator "RC"]
[PlyCount "87"]
[EventDate "2024.05.18"]
[EventType "swiss"]
[EventCountry "TUR"]
[SourceTitle "playchess.com"]
[Source "ChessBase"]
[SourceQuality "1"]
[TimeControl "5400+30"]

1. d4 Nf6 2. Bf4 c5 3. e3 Nd5 4. Bg3 Qb6 5. b3 cxd4 6. Qxd4 Qxd4 7. exd4 Nc6 8. Nf3 g6 9. Bc4 Nf6 10. h3 Bg7 11. c3 O-O 12. Nbd2 d5 13. Bd3 Bf5 14. Ke2 Rac8 15. Bf4 h5 16. Rac1 e6 17. Rhg1 Rfd8 18. Ne5 Bxd3+ 19. Nxd3 Nd7 20. g4 hxg4 21. hxg4 Re8 22. Be3 b5 23. f4 a5 24. Nf3 b4 25. cxb4 Nxb4 26. Nxb4 axb4 27. Bd2 Bf8 28. g5 Be7 29. Kd3 Kf8 30. Rgd1 Rxc1 31. Rxc1 Ra8 32. Rc2 Ke8 33. Ke2 Kd8 34. Ne1 Ra6 35. Nd3 Rb6 36. Ke3 Bd6 37. Be1 Nb8 38. Rh2 Nc6 39. Ne5 Bxe5 40. fxe5 Ra6 41. Kd3 Kd7 42. Rc2 Ra8 43. Rh2 Ra7 44. Rf2 1/2-1/2

[Event "Turkish Youth Championship 2024"]
[Site "Samsun"]
[Date "2024.05.22"]
[Round "7"]
[White "Dogan, Umut Anil"]
[Black "Hamurcu, Mehmet"]
[Result "1/2-1/2"]
[ECO "E15"]
[WhiteElo "1959"]
[BlackElo "1832"]
[Annotator "RC"]
[PlyCount "62"]
[EventDate "2024.05.18"]
[EventType "swiss"]
[EventCountry "TUR"]
[SourceTitle "playchess.com"]
[Source "ChessBase"]
[SourceQuality "1"]
[TimeControl "5400+30"]

1. d4 Nf6 2. c4 e6 3. Nf3 b6 4. g3 Ba6 5. Qc2 Bb7 6. Bg2 c5 7. d5 exd5 8. Nh4 Nc6 9. cxd5 Nb4 10. Qf5 g6 11. Qe5+ Qe7 12. Qc3 Bxd5 13. O-O Bxg2 14. Nxg2 d5 15. Bg5 Bg7 16. a3 Nc6 17. Nf4 Rd8 18. Qd3 d4 19. Qb5 Qd7 20. b4 Ne5 21. a4 O-O 22. bxc5 bxc5 23. Bxf6 Bxf6 24. Nd2 c4 25. Qa6 Qd6 26. Qxd6 Rxd6 27. Ne4 Rc6 28. Nd5 Bd8 29. f4 Nd7 30. Rfd1 f5 31. Nf2 Nc5 1/2-1/2

[Event "Turkish Youth Championship 2024"]
[Site "Samsun"]
[Date "2024.05.22"]
[Round "7"]
[White "Basara, Arda"]
[Black "Zengin, Ovgu"]
[Result "1/2-1/2"]
[ECO "D36"]
[WhiteElo "1943"]
[BlackElo "1664"]
[Annotator "NA RC"]
[PlyCount "133"]
[EventDate "2024.05.18"]
[EventType "swiss"]
[EventCountry "TUR"]
[SourceTitle "playchess.com"]
[Source "ChessBase"]
[SourceQuality "1"]
[TimeControl "5400+30"]

1. d4 d5 2. c4 e6 3. Nc3 Nf6 4. cxd5 exd5 5. Bg5 c6 6. Qc2 Be7 7. e3 h6 8. Bh4 Nbd7 9. Bd3 Nb6 10. Nf3 Be6 11. O-O O-O 12. Ne5 Nc4 13. Bxc4 dxc4 14. f4 Nd7 15. Bxe7 Qxe7 16. Rad1 Nxe5 17. fxe5 f6 18. exf6 Rxf6 19. Rxf6 Qxf6 20. e4 Bg4 21. Rd2 Rf8 22. Qc1 Qg5 23. Qe1 b5 24. e5 Bf3 25. a3 a5 26. e6 b4 27. axb4 axb4 28. e7 Re8 29. h4 Qg4 30. Na2 Be4 31. Nxb4 Qe6 32. Re2 Rxe7 33. Na2 Qg6 34. Kh2 Bd5 35. Nc3 Qxg2+ 36. Rxg2 Rxe1 37. Rf2 Re6 38. Rf5 Rd6 39. h5 Bf7 40. Ne2 Re6 41. Nf4 Re4 42. Kg3 Rxd4 43. Rc5 Bd5 44. Kg4 Be6+ 45. Kf3 Bd5+ 46. Kg4 Be6+ 47. Kf3 Rd6 48. Nxe6 Rxe6 49. Rxc4 Kf7 50. Rc5 Ke7 51. Kf4 Rf6+ 52. Ke5 g6 53. hxg6 Rxg6 54. Rc3 Kd7 55. Rh3 Kc7 56. Kd4 Kb6 57. Rh5 c5+ 58. Kc4 Rg4+ 59. Kc3 Rg3+ 60. Kc4 Rg6 61. b4 Rg4+ 62. Kb3 Rxb4+ 63. Kc3 Kb5 64. Rxh6 Rc4+ 65. Kb3 Rg4 66. Rh3 Rb4+ 67. Kc3 1/2-1/2

[Event "Turkish Youth Championship 2024"]
[Site "Samsun"]
[Date "2024.05.22"]
[Round "7"]
[White "Uzdemir, Ali Poyraz"]
[Black "Turgut, Hakan"]
[Result "1-0"]
[ECO "B15"]
[WhiteElo "1898"]
[BlackElo "1954"]
[Annotator "RC"]
[PlyCount "92"]
[EventDate "2024.05.18"]
[EventType "swiss"]
[EventCountry "TUR"]
[SourceTitle "playchess.com"]
[Source "ChessBase"]
[SourceQuality "1"]
[TimeControl "5400+30"]

1. e4 c6 2. d4 d5 3. Nc3 dxe4 4. Nxe4 Nf6 5. Nxf6+ exf6 6. c3 Bd6 7. Bd3 O-O 8. Qc2 Re8+ 9. Ne2 h5 10. O-O h4 11. h3 Nd7 12. Bf4 Nf8 13. Bxd6 Qxd6 14. Rad1 b6 15. Be4 Bb7 16. c4 Ne6 17. d5 cxd5 18. Bxd5 Qc7 19. Nc3 Rad8 20. Nb5 Qb8 21. Bxb7 Qxb7 22. Nd6 Rxd6 23. Rxd6 Nf4 24. f3 Ne2+ 25. Kh2 Qe7 26. Qd2 g5 27. Qd5 Qe3 28. Rxf6 Re6 29. Rxe6 fxe6 30. Qe4 Qd2 31. Qxe6+ Kh7 32. Qf7+ Kh6 33. Qf6+ Kh5 34. Rf2 Qe3 35. Rxe2 Qxe2 36. f4 gxf4 37. Qf5+ Kh6 38. Qxf4+ Kh5 39. Qf3+ Qxf3 40. gxf3 Kg5 41. b4 Kf4 42. Kg2 Ke5 43. Kf2 Kd4 44. c5 bxc5 45. bxc5 Kxc5 46. Ke3 Kd5 1-0

[Event "Turkish Youth Championship 2024"]
[Site "Samsun"]
[Date "2024.05.22"]
[Round "7"]
[White "Buyuk, Ecrin Efsa"]
[Black "Zeyrek, Ayaz"]
[Result "0-1"]
[ECO "B23"]
[WhiteElo "1892"]
[BlackElo "1750"]
[Annotator "NA RC"]
[PlyCount "84"]
[EventDate "2024.05.18"]
[EventType "swiss"]
[EventCountry "TUR"]
[SourceTitle "playchess.com"]
[Source "ChessBase"]
[SourceQuality "1"]
[TimeControl "5400+30"]

1. e4 c5 2. Nc3 Nc6 3. Nge2 Nf6 4. g3 d5 5. exd5 Nd4 6. Bg2 Bg4 7. O-O Nxd5 8. f3 Bf5 9. Nxd4 cxd4 10. Nxd5 Qxd5 11. f4 Qd7 12. b3 Rc8 13. c4 g6 14. Qf3 b6 15. Ba3 Bg7 16. Rfe1 Bf6 17. Qf1 d3 18. Rab1 O-O 19. h3 h5 20. Kh2 Rfe8 21. Re3 Bd4 22. Rbe1 Bxe3 23. Rxe3 b5 24. g4 hxg4 25. hxg4 Bxg4 26. Rxd3 Qf5 27. Rd5 Qf6 28. Rg5 Bd7 29. Bb4 e5 30. Bd5 Bc6 31. Bxc6 Rxc6 32. Bc3 Qxf4+ 33. Qxf4 exf4 34. Rxb5 Rce6 35. Kg2 f6 36. Kf3 g5 37. c5 Kf7 38. Ra5 R8e7 39. b4 Kg6 40. b5 Kf5 41. d3 Re2 42. c6 g4# 0-1

[Event "Turkish Youth Championship 2024"]
[Site "Samsun"]
[Date "2024.05.22"]
[Round "7"]
[White "Selvi, Kaan"]
[Black "Latifoglu, Ali Emir"]
[Result "1-0"]
[ECO "C91"]
[WhiteElo "1881"]
[BlackElo "1641"]
[Annotator "NA RC"]
[PlyCount "59"]
[EventDate "2024.05.18"]
[EventType "swiss"]
[EventCountry "TUR"]
[SourceTitle "playchess.com"]
[Source "ChessBase"]
[SourceQuality "1"]
[TimeControl "5400+30"]

1. e4 e5 2. Nf3 Nc6 3. Bb5 a6 4. Ba4 Nf6 5. O-O Be7 6. Re1 b5 7. Bb3 d6 8. c3 O-O 9. d4 Bg4 10. Be3 Re8 11. Nbd2 Bf8 12. d5 Nb8 13. a4 Nbd7 14. Bc2 g6 15. h3 Bxf3 16. Qxf3 Bg7 17. Qe2 bxa4 18. Bxa4 Rb8 19. b4 Nh5 20. Qxa6 Nf4 21. Nf3 f5 22. exf5 Rf8 23. Qc6 Nb6 24. Bxf4 exf4 25. fxg6 Nxa4 26. gxh7+ Kh8 27. Rxa4 Rb6 28. Qc4 Qd7 29. Ra7 Rc8 30. Nd4 1-0

[Event "Turkish Youth Championship 2024"]
[Site "Samsun"]
[Date "2024.05.22"]
[Round "7"]
[White "Gokturk, Murat Kutay"]
[Black "Ergin, Hasan Kaan"]
[Result "1-0"]
[ECO "C47"]
[WhiteElo "1862"]
[BlackElo "1632"]
[Annotator "NA RC"]
[PlyCount "67"]
[EventDate "2024.05.18"]
[EventType "swiss"]
[EventCountry "TUR"]
[SourceTitle "playchess.com"]
[Source "ChessBase"]
[SourceQuality "1"]
[TimeControl "5400+30"]

1. e4 e5 2. Nf3 Nc6 3. Nc3 Nf6 4. a3 a6 5. d4 exd4 6. Nxd4 Nxe4 7. Nxe4 Qe7 8. f3 d5 9. Nxc6 bxc6 10. Bd3 dxe4 11. fxe4 g6 12. O-O Bg7 13. c3 O-O 14. Bf4 Be6 15. Qe2 a5 16. Kh1 Rab8 17. Rac1 Rb3 18. Rc2 Rfb8 19. Rf2 c5 20. h3 R3b6 21. Rd2 Bb3 22. Bc4 a4 23. Bxb3 axb3 24. Qc4 Bf8 25. Rd5 Qh4 26. Rd7 Rf6 27. Bg3 Qg5 28. Rxf7 Rxf7 29. Rxf7 Kh8 30. Bf4 Qh5 31. Qe6 Bg7 32. Qe7 Rg8 33. Rxg7 Rxg7 34. Be5 1-0

[Event "Turkish Youth Championship 2024"]
[Site "Samsun"]
[Date "2024.05.22"]
[Round "7"]
[White "Herdem, Talha"]
[Black "Konyar, Enver"]
[Result "1-0"]
[ECO "B14"]
[WhiteElo "1844"]
[BlackElo "1606"]
[Annotator "NA RC"]
[PlyCount "79"]
[EventDate "2024.05.18"]
[EventType "swiss"]
[EventCountry "TUR"]
[SourceTitle "playchess.com"]
[Source "ChessBase"]
[SourceQuality "1"]
[TimeControl "5400+30"]

1. e4 c6 2. d4 d5 3. exd5 cxd5 4. c4 Nf6 5. Nc3 e6 6. Nf3 Bb4 7. cxd5 Nxd5 8. Bd2 Nc6 9. Bd3 Be7 10. O-O O-O 11. Re1 Nxc3 12. bxc3 b6 13. Bf4 Bb7 14. Bc2 Bf6 15. Qd3 g6 16. Nd2 Ne7 17. Ne4 Bxe4 18. Rxe4 Nd5 19. Bd2 Rc8 20. c4 Ne7 21. Rd1 Qc7 22. Bb3 Rfd8 23. Bf4 Qb7 24. d5 exd5 25. cxd5 Rc3 26. Qe2 Rxb3 27. axb3 Rxd5 28. Rxd5 Qxd5 29. Be5 Bg5 30. h4 Bh6 31. Bf6 Nc6 32. Re8+ Bf8 33. Be7 Nd4 34. Qc4 Qxc4 35. Rxf8+ Kg7 36. bxc4 Nf5 37. Ba3 Nxh4 38. Ra8 a5 39. Ra6 Nf3+ 40. gxf3 1-0

[Event "Turkish Youth Championship 2024"]
[Site "Samsun"]
[Date "2024.05.22"]
[Round "7"]
[White "Gulbas, Isa"]
[Black "Toptal, Uygar Altan"]
[Result "0-1"]
[ECO "C44"]
[WhiteElo "1813"]
[BlackElo "1679"]
[Annotator "NA RC"]
[PlyCount "108"]
[EventDate "2024.05.18"]
[EventType "swiss"]
[EventCountry "TUR"]
[SourceTitle "playchess.com"]
[Source "ChessBase"]
[SourceQuality "1"]
[TimeControl "5400+30"]

1. e4 e5 2. Nf3 Nc6 3. c3 Nf6 4. d4 exd4 5. e5 Nd5 6. Bc4 Nb6 7. Bb3 h6 8. O-O d6 9. exd6 cxd6 10. Nxd4 Be7 11. Nxc6 bxc6 12. Qf3 d5 13. Qg3 Bf6 14. Re1+ Be6 15. Bc2 Qd7 16. Nd2 O-O 17. Nb3 Rfe8 18. Nc5 Bf5 19. Bxh6 Rxe1+ 20. Rxe1 Qc8 21. Bd1 Qf8 22. Bg5 Re8 23. Rxe8 Qxe8 24. h3 Qe1+ 25. Kh2 Bxg5 26. Qxg5 Qxf2 27. Bf3 Qxc5 28. Qxf5 Qd6+ 29. Kh1 Qe6 30. Bg4 Qxf5 31. Bxf5 g6 32. Bd3 Na4 33. Ba6 Nxb2 34. Kg1 Kg7 35. Kf1 Nd1 36. Bb7 Nxc3 37. Bxc6 Nxa2 38. Bxd5 Nc3 39. Bc4 f5 40. Ke1 Kf6 41. Kd2 Ne4+ 42. Ke3 Ke5 43. h4 f4+ 44. Ke2 Nd6 45. Bd3 Nf5 46. Kf2 Nxh4 47. g3 Nf5 48. g4 Ne3 49. g5 Nf5 50. Kf3 a5 51. Bc4 a4 52. Bf7 Nd4+ 53. Kg4 f3 54. Bxg6 a3 0-1

[Event "Turkish Youth Championship 2024"]
[Site "Samsun"]
[Date "2024.05.22"]
[Round "7"]
[White "Sadik, Muhammed Selim"]
[Black "Cicek, Bilal Emre"]
[Result "1/2-1/2"]
[ECO "D30"]
[WhiteElo "1734"]
[BlackElo "1873"]
[Annotator "NA RC"]
[PlyCount "214"]
[EventDate "2024.05.18"]
[EventType "swiss"]
[EventCountry "TUR"]
[SourceTitle "playchess.com"]
[Source "ChessBase"]
[SourceQuality "1"]
[TimeControl "5400+30"]

1. d4 d5 2. c4 e6 3. Nf3 a6 4. c5 b6 5. cxb6 c5 6. Qb3 Nc6 7. Bf4 Bb7 8. e3 c4 9. Qc2 Qxb6 10. Be2 Nf6 11. Nc3 Bb4 12. O-O O-O 13. Na4 Qa7 14. b3 Na5 15. bxc4 dxc4 16. Be5 Be4 17. Qd1 Nd5 18. Nd2 Bd3 19. Bxd3 cxd3 20. Nf3 f6 21. Bg3 Qd7 22. a3 Nc3 23. Nxc3 Bxc3 24. Rb1 d2 25. Nxd2 e5 26. Ne4 Rac8 27. Nxc3 Rxc3 28. dxe5 Rd3 29. Qe1 Nc4 30. exf6 Nd2 31. fxg7 Rd8 32. h4 Nxf1 33. Qxf1 Rd1 34. Rxd1 Qxd1 35. Bc7 Rd2 36. Ba5 Qxf1+ 37. Kxf1 Ra2 38. Bb4 Kxg7 39. g4 Kg6 40. Kg2 h5 41. g5 Rc2 42. e4 Rc4 43. f3 Kf7 44. Kg3 Ke6 45. Kf4 Rc1 46. Ke3 Rh1 47. f4 Rxh4 48. f5+ Kf7 49. g6+ Kg7 50. e5 Rc4 51. e6 Kf6 52. Bf8 Rc1 53. Kd2 Rc4 54. Ke3 Rc1 55. Kf2 Rc4 56. Kg3 a5 57. Kh3 a4 58. g7 Rg4 59. e7 Kf7 60. f6 Ke8 61. g8=Q Rxg8 62. Bg7 Kf7 63. Kh4 Rb8 64. Kxh5 Rb3 65. Bf8 Rg3 66. Kh4 Rg6 67. Bg7 Rg1 68. Kh5 Rg3 69. Bf8 Ke8 70. Kh4 Rg2 71. Kh5 Kf7 72. Kh4 Rg6 73. Bg7 Ke8 74. Kh5 Rg3 75. Bf8 Kf7 76. Kh4 Re3 77. Kg5 Re6 78. Bg7 Re3 79. Bf8 Rf3 80. e8=Q+ Kxe8 81. Be7 Kf7 82. Kg4 Rf1 83. Kg5 Ke6 84. Kg4 Ke5 85. Kg5 Rg1+ 86. Kh6 Ke6 87. Kh5 Rg2 88. Kh6 Kf7 89. Kh5 Rg1 90. Kh6 Rg2 91. Kh5 Rg8 92. Kh6 Ke6 93. Kh7 Rg3 94. Kh6 Kf7 95. Kh5 Rg6 96. Kh4 Rxf6 97. Bxf6 Kxf6 98. Kg4 Ke5 99. Kf3 Kd4 100. Ke2 Kc3 101. Kd1 Kb2 102. Kd2 Kxa3 103. Kc3 Ka2 104. Kc2 a3 105. Kc1 Kb3 106. Kb1 a2+ 107. Ka1 Ka3 1/2-1/2

[Event "Turkish Youth Championship 2024"]
[Site "Samsun"]
[Date "2024.05.22"]
[Round "7"]
[White "Cagatay, Mehmet Kayra"]
[Black "Ozgun, Yigit Deniz"]
[Result "0-1"]
[ECO "B90"]
[WhiteElo "1717"]
[BlackElo "1917"]
[Annotator "RC"]
[PlyCount "102"]
[EventDate "2024.05.18"]
[EventType "swiss"]
[EventCountry "TUR"]
[SourceTitle "playchess.com"]
[Source "ChessBase"]
[SourceQuality "1"]
[TimeControl "5400+30"]

1. e4 c5 2. Nf3 d6 3. d4 cxd4 4. Nxd4 Nf6 5. Nc3 a6 6. a3 e5 7. Nf5 d5 8. Bg5 d4 9. Bxf6 gxf6 10. Nb1 Bxf5 11. exf5 Nc6 12. Bd3 Qd5 13. Qe2 Qa5+ 14. Nd2 Bh6 15. O-O-O O-O-O 16. Kb1 Bxd2 17. Qxd2 Qxd2 18. Rxd2 Rhg8 19. g3 Kb8 20. h4 Ka7 21. Bc4 Rd7 22. Re1 b5 23. Bd3 Rc7 24. Be4 Na5 25. b3 Kb6 26. Ka2 Nc6 27. Kb2 Nb8 28. Bd5 Rd8 29. Bg2 Nd7 30. b4 Rg8 31. Be4 Ka7 32. Bd5 Nb6 33. Bb3 Nc4+ 34. Bxc4 bxc4 35. c3 Rg4 36. a4 d3 37. a5 Kb7 38. Ka3 Kc6 39. Ka4 Rb7 40. f4 Kd5 41. fxe5 fxe5 42. Rg2 Re4 43. Rb1 Re3 44. Ra2 Rb5 45. Rg2 Ke4 46. Ka3 Re2 47. Rgg1 d2 48. Rgd1 Kd3 49. Kb2 e4 50. g4 e3 51. f6 Rg2 0-1

[Event "Turkish Youth Championship 2024"]
[Site "Samsun"]
[Date "2024.05.22"]
[Round "7"]
[White "Yogurtcuoglu, Cagan"]
[Black "Topuz, Mirac Melih"]
[Result "0-1"]
[ECO "D87"]
[WhiteElo "1714"]
[BlackElo "2079"]
[Annotator "RC"]
[PlyCount "89"]
[EventDate "2024.05.18"]
[EventType "swiss"]
[EventCountry "TUR"]
[SourceTitle "playchess.com"]
[Source "ChessBase"]
[SourceQuality "1"]
[TimeControl "5400+30"]

1. d4 Nf6 2. c4 g6 3. Nc3 d5 4. cxd5 Nxd5 5. e4 Nxc3 6. bxc3 Bg7 7. Bc4 c5 8. Ne2 Nc6 9. Be3 O-O 10. O-O Qc7 11. Qd2 Rd8 12. Rad1 Bd7 13. Bh6 Bh8 14. e5 cxd4 15. Qf4 Be8 16. cxd4 Rac8 17. Bb3 Na5 18. Rc1 Qb6 19. Rxc8 Rxc8 20. Qg4 Rd8 21. Rb1 Nxb3 22. Rxb3 Qc7 23. h4 Bd7 24. Qg3 Qa5 25. Qe3 Bc6 26. a3 Qd5 27. f3 f6 28. Rc3 fxe5 29. Rc5 Qa2 30. dxe5 Rd1+ 31. Kh2 Qb1 32. Ng3 Qa2 33. Ne4 Qf7 34. Ng5 Qf5 35. e6 Qb1 36. Ne4 Re1 37. Qf2 Rh1+ 38. Kg3 Qb6 39. Qd2 Qc7+ 40. Bf4 Qc8 41. Ng5 Bf6 42. Qe3 Qd8 43. Be5 Qf8 44. Bxf6 Qxf6 45. Qc3 0-1

[Event "Turkish Youth Championship 2024"]
[Site "Samsun"]
[Date "2024.05.22"]
[Round "7"]
[White "Tonoglu, Engin Erdem"]
[Black "Cetindag, Alper"]
[Result "1/2-1/2"]
[ECO "A37"]
[WhiteElo "1691"]
[BlackElo "1839"]
[Annotator "NA RC"]
[PlyCount "65"]
[EventDate "2024.05.18"]
[EventType "swiss"]
[EventCountry "TUR"]
[SourceTitle "playchess.com"]
[Source "ChessBase"]
[SourceQuality "1"]
[TimeControl "5400+30"]

1. c4 g6 2. Nc3 Bg7 3. Nf3 c5 4. g3 Nc6 5. Bg2 d6 6. O-O e5 7. d3 Nge7 8. e4 O-O 9. a3 h6 10. Rb1 a5 11. Ne1 Nd4 12. Nc2 Nxc2 13. Qxc2 Nc6 14. Be3 Be6 15. Nd5 f5 16. f4 exf4 17. Nxf4 Qf6 18. Nxe6 Qxe6 19. Rbe1 Nd4 20. Bxd4 Bxd4+ 21. Kh1 Rae8 22. Qd2 f4 23. Rxf4 g5 24. Rff1 b6 25. Qe2 Kg7 26. Bf3 Qe5 27. Bh5 Rd8 28. b3 Qe6 29. a4 Bc3 30. Rd1 Bd4 31. Rde1 Bc3 32. Rd1 Bd4 33. Rde1 1/2-1/2